AoeStats
← Blaskeer

Arena

509782864Analyzed
3v3 RM · 3d ago on Sep 28, 2026· 64m 0s· 6 players
Game mode
Random Map
Map size
Normal (6 player)
Population
200
Speed
Normal
Resources
Standard
Victory
Conquest
Starting age
Dark Age
Ending age
Imperial Age
RankedLock teamsTeams togetherTeam positionsShared explorationLock speedFull tech treeHidden civsTurbo modeCheats
Victory
Defeat
🇨🇱 Inca · Chile
655
+11
🇨🇱 Chinese · Chile
619
+12
🇨🇱 Teutons · Chile
597
+13
🇧🇷 Franks · Brazil
602
-14
🇺🇸 Britons · United States
532
-12
🇵🇪 Japanese · Peru
474
-10
Metalhead6474
0:30 Loom
13:56 Feudal Age
14:32 Horse Collar
14:40 Double-Bit Axe
15:58 Wheelbarrow
21:53 Castle Age
25:16 Heavy Plow
25:44 Bow Saw
28:58 Hand Cart
41:44 Imperial Age
40:40 Yeomen
43:31 Two-Man Saw
43:34 Fletching
45:32 Hoardings
45:29 Conscription
45:43 Caravan
46:31 Bodkin Arrow
47:41 Bracer
48:53 Padded Archer Armor
49:18 Forging
50:52 Leather Archer Armor
52:18 Ring Archer Armor
52:55 Warwolf
52:20 Elite Longbowman
55:46 Coinage
55:27 Guilds
56:28 Scale Mail Armor
56:01 Pikeman
56:27 Gambesons
56:44 Squires
56:29 Arson
58:49 Iron Casting
62:54 Blast Furnace
62:11 Chain Mail Armor
63:20 Ballistics
64:04 Chemistry
63:58 Arrowslits
Puro_Osso
14:20 Feudal Age
15:50 Wheelbarrow
15:04 Double-Bit Axe
19:59 Loom
23:26 Castle Age
22:33 Gold Mining
22:33 Stone Mining
25:47 Bow Saw
26:11 Hand Cart
27:55 Gold Shaft Mining
28:14 Fervor
28:18 Husbandry
29:11 Scale Barding Armor
31:00 Caravan
31:32 Coinage
32:22 Devotion
35:23 Ordonnance Companies
36:45 Chain Barding Armor
39:09 Forging
38:52 Fletching
39:26 Ballistics
39:18 Fortified Wall
39:04 Murder Holes
38:50 Treadmill Crane
39:20 Masonry
41:55 Imperial Age
39:14 Town Watch
41:57 Cranequins
42:05 Cavalier
43:15 Conscription
43:04 Town Patrol
44:11 Banking
44:31 Heavy Mounted Crossbowman
46:26 Chivalry
46:47 Conscription
47:25 Bodkin Arrow
48:31 Chemistry
48:02 Architecture
47:18 Arrowslits
50:16 Iron Casting
50:17 Plate Barding Armor
49:43 Scale Mail Armor
49:31 Elite Throwing Axeman
50:52 Chivalry
52:13 Conscription
51:51 Paladin
53:17 Plate Barding Armor
53:43 Blast Furnace
52:46 Padded Archer Armor
52:47 Scale Mail Armor
53:58 Arrowslits
54:45 Architecture
54:24 Siege Engineers
kehinostroza
0:45 Loom
10:42 Feudal Age
12:52 Double-Bit Axe
14:05 Town Watch
15:57 Wheelbarrow
19:49 Castle Age
19:07 Horse Collar
19:39 Forging
19:30 Scale Mail Armor
21:27 Caravan
21:39 Squires
24:37 Bow Saw
24:27 Gold Mining
24:35 Murder Holes
24:30 Pikeman
24:30 Man-at-Arms
24:37 Pikeman
25:06 Arson
26:43 Man-at-Arms
27:08 Gambesons
28:47 Ballistics
28:23 Murder Holes
28:43 Town Patrol
29:47 Long Swordsman
30:18 Treadmill Crane
31:16 Hand Cart
33:32 Iron Casting
37:06 Imperial Age
37:12 Imperial Age
36:23 Heavy Plow
36:15 Stone Mining
37:05 Gold Shaft Mining
36:52 Chain Mail Armor
36:45 Scale Barding Armor
37:04 Crossbowman
37:05 Elite Skirmisher
37:50 Thumb Ring
43:10 Blast Furnace
42:40 Plate Mail Armor
42:58 Elite Samurai
45:26 Kataparuto
47:04 Conscription
47:51 Hoardings
47:21 Padded Archer Armor
47:12 Fletching
47:42 Chain Barding Armor
48:42 Two-Man Saw
47:23 Heavy Cavalry Archer
47:25 Arbalester
48:32 Parthian Tactics
48:36 Light Cavalry
48:38 Cavalier
48:43 Two-Handed Swordsman
51:12 Chemistry
50:19 Siege Engineers
50:02 Arrowslits
54:19 Halberdier
54:22 Champion
55:06 Husbandry
55:18 Bloodlines
54:54 Heavy Scorpion
59:19 Guard Tower
Rigby
13:11 Feudal Age
15:02 Champi Runner
20:38 Castle Age
18:42 Double-Bit Axe
18:47 Horse Collar
19:00 Gold Mining
19:10 Stone Mining
20:15 Town Watch
20:19 Loom
21:44 Heavy Plow
23:43 Stone Shaft Mining
25:26 Bow Saw
28:10 Gold Shaft Mining
28:46 Wheelbarrow
30:46 Forging
30:41 Scale Mail Armor
30:57 Forging
33:09 Hand Cart
34:46 Andean Sling
34:56 Caravan
35:43 Ballistics
42:07 Imperial Age
39:42 Town Patrol
43:29 Thumb Ring
42:45 Crossbowman
42:46 Elite Skirmisher
43:26 Champi Runner
47:09 Iron Casting
46:50 Chain Mail Armor
46:35 Padded Archer Armor
46:26 Fletching
46:05 Arbalester
47:33 Champi Warrior
47:37 Pikeman
48:18 Squires
49:29 Hoardings
49:17 Halberdier
51:44 Blast Furnace
51:15 Plate Mail Armor
51:04 Leather Archer Armor
52:17 Bodkin Arrow
52:59 Crop Rotation
53:11 Coinage
52:52 Guilds
57:44 Elite Champi Warrior
58:51 Elite Kamayuk
59:32 Fabric Shields
59:03 Sappers
59:55 Conscription
63:38 Ring Archer Armor
63:09 Bracer
63:45 Banking
Blaskeer
11:03 Feudal Age
11:31 Double-Bit Axe
11:28 Horse Collar
12:26 Wheelbarrow
21:42 Castle Age
21:43 Padded Archer Armor
21:33 Fletching
21:50 Gold Mining
21:50 Stone Mining
22:11 Light Cavalry
23:15 Bloodlines
23:06 Husbandry
23:30 Hand Cart
24:11 Scale Barding Armor
24:46 Caravan
24:50 Heavy Plow
25:02 Bow Saw
25:30 Gold Shaft Mining
25:30 Stone Shaft Mining
25:44 Crossbowman
26:30 Thumb Ring
29:01 Bodkin Arrow
29:22 Leather Archer Armor
29:27 Chain Barding Armor
31:38 Masonry
31:49 Ballistics
31:40 Fortified Wall
31:29 Murder Holes
36:42 Imperial Age
37:05 Arbalester
37:36 Pikeman
38:16 Squires
38:02 Arson
38:13 Halberdier
40:44 Chemistry
40:15 Architecture
39:32 Arrowslits
40:22 Ring Archer Armor
39:53 Bracer
40:03 Forging
39:53 Scale Mail Armor
39:43 Elite Chu Ko Nu
40:48 Conscription
47:07 Chain Mail Armor
47:28 Iron Casting
47:21 Bombard Tower
62:38 Plate Mail Armor
63:08 Blast Furnace
62:43 Plate Barding Armor
Matx108
6:50 Loom
9:34 Feudal Age
12:24 Double-Bit Axe
13:06 Gold Mining
14:18 Horse Collar
15:09 Stone Mining
21:53 Castle Age
25:11 Bow Saw
27:58 Ballistics
28:38 Ironclad
29:11 Stone Shaft Mining
28:49 Gambesons
29:08 Squires
28:55 Arson
37:29 Imperial Age
36:05 Scale Mail Armor
42:44 Forging
43:07 Chain Mail Armor
46:04 Heavy Plow
47:53 Chemistry
47:10 Cavalier
48:33 Crop Rotation
48:46 Conscription
51:30 Wheelbarrow
52:42 Two-Man Saw
52:37 Bloodlines
53:09 Iron Casting
54:55 Blast Furnace
55:12 Caravan
57:05 Scale Barding Armor
57:59 Paladin
59:42 Crenellations
59:58 Chain Barding Armor
59:55 Hand Cart
59:27 Town Watch
59:55 Fortified Wall
Connection lost

Rejoining the realm…

Still unreachable

The connection could not be restored.

Session expired

The server has moved on; the page needs a fresh start.